[ AOE2 MATCH · #490175922 ]
UnrankedBurmese vs Berbers
[ REPLAY ANALYSIS · EXTRACTED FROM THE RECORDED GAME ]
Feudal
7:35
Castle
12:50
Imperial
26:05
| APM avg | 58.4 |
| APM peak | 154 |
| eAPM avg | 30.2 |
| Villagers / military | 100 / 88 |
Focus
⚔️ 77.3% · 🌾 22.7%
Arambai ×61 · Knight ×23 · Petard ×3 · Spearman ×1
Feudal
7:39
Castle
12:31
Imperial
23:41
| APM avg | 26.7 |
| APM peak | 63 |
| eAPM avg | 15.7 |
| Villagers / military | 126 / 121 |
Focus
⚔️ 26.7% · 🌾 73.3%
Longbowman ×63 · Archer ×32 · Skirmisher ×20 · Trebuchet (Packed) ×6
Feudal
9:16
Castle
13:11
Imperial
29:08
| APM avg | 51.3 |
| APM peak | 129 |
| eAPM avg | 14.8 |
| Villagers / military | 119 / 160 |
Focus
⚔️ 27.2% · 🌾 72.8%
Camel Archer ×99 · Scout Cavalry ×55 · Militia ×3 · Trebuchet (Packed) ×3
Feudal
9:17
Castle
12:47
Imperial
—
| APM avg | 25.0 |
| APM peak | 56 |
| eAPM avg | 18.1 |
| Villagers / military | 101 / 109 |
Focus
⚔️ 33.6% · 🌾 66.4%
Shotel Warrior ×105 · Monk ×2 · Petard ×2
Feudal
7:36
Castle
12:49
Imperial
36:03
| APM avg | 48.6 |
| APM peak | 112 |
| eAPM avg | 24.4 |
| Villagers / military | 133 / 274 |
Focus
⚔️ 40.9% · 🌾 59.1%
Samurai ×175 · Skirmisher ×85 · Battering Ram ×13 · Scorpion ×1
Feudal
8:06
Castle
12:02
Imperial
29:45
| APM avg | 22.0 |
| APM peak | 115 |
| eAPM avg | 13.7 |
| Villagers / military | 163 / 58 |
Focus
⚔️ 22.5% · 🌾 77.5%
Monaspa ×53 · Trebuchet (Packed) ×5
Feudal
7:42
Castle
11:44
Imperial
25:40
| APM avg | 28.6 |
| APM peak | 94 |
| eAPM avg | 18.9 |
| Villagers / military | 151 / 124 |
Focus
⚔️ 34.2% · 🌾 65.8%
Fire Lancer ×78 · Spearman ×44 · Battering Ram ×2
Feudal
6:54
Castle
11:54
Imperial
25:39
| APM avg | 27.4 |
| APM peak | 102 |
| eAPM avg | 19.2 |
| Villagers / military | 129 / 154 |
Focus
⚔️ 19.8% · 🌾 80.2%
Skirmisher ×113 · Cavalry Archer ×20 · Archer ×16 · Trebuchet (Packed) ×5
Match map
Initial resources + every placement click. Lines = walls · curves = elevation contours. ◆ gold · ⬟ stone · ● berries · ✦ relic · ◌ wall gap
Your base· ✓ Closed at 12:50 · 1t walls · 9 gate(s)
Alvaro's base· ✓ Closed at 12:31 · 0t walls · 6 gate(s)
DiegoRosi's base· ✓ Closed at 13:11 · 0t walls · 6 gate(s)
Zapp Brannigan's base· ✓ Closed at 12:47 · 0t walls · 9 gate(s)
Kyle87x's base· ✓ Closed at 12:49 · 0t walls · 6 gate(s)
yuXs's base· ✓ Closed at 12:02 · 0t walls · 4 gate(s)
Avataroffaith's base· ✓ Closed at 11:44 · 0t walls · 7 gate(s)
ooouj's base· ✓ Closed at 11:54 · 0t walls · 8 gate(s)
Smoothed initial terrain · ◌ = detected wall gap · hover for details
Inputs per minute
— Dadagama - - Alvaro
Build order — Dadagama
First 150 of 209 actions detected
| 0:00 | Create | Villager (Male) |
| 0:01 | Create | Villager (Male) |
| 0:01 | Create | Villager (Male) |
| 0:23 | Build | Lumber Camp |
| 0:26 | Create | Villager (Male) |
| 0:27 | Create | Villager (Male) |
| 0:55 | Create | Villager (Male) |
| 0:56 | Create | Villager (Male) |
| 1:47 | Create | Villager (Male) |
| 1:47 | Create | Villager (Male) |
| 1:47 | Create | Villager (Male) |
| 2:11 | Create | Villager (Male) |
| 2:11 | Create | Villager (Male) |
| 2:15 | Build | Mill |
| 3:03 | Create | Villager (Male) |
| 3:03 | Create | Villager (Male) |
| 3:49 | Create | Villager (Male) |
| 4:22 | Create | Villager (Male) |
| 4:43 | Build | Mining Camp |
| 4:58 | Create | Villager (Male) |
| 5:19 | Research | Feudal Age |
| 5:39 | Create | Villager (Male) |
| 7:09 | Create | Villager (Male) |
| 7:09 | Create | Villager (Male) |
| 7:35 | Age | Feudal Age |
| 7:37 | Research | Horse Collar |
| 7:43 | Build | Farm |
| 7:47 | Build | Farm |
| 7:50 | Build | Farm |
| 7:53 | Build | Farm |
| 7:56 | Build | Farm |
| 8:05 | Build | Market |
| 8:11 | Build | Blacksmith |
| 8:17 | Build | House |
| 8:19 | Build | House |
| 8:40 | Create | Villager (Male) |
| 8:40 | Create | Villager (Male) |
| 8:50 | Build | Farm |
| 9:02 | Build | Farm |
| 9:30 | Create | Villager (Male) |
| 9:36 | Build | Farm |
| 9:46 | Build | Farm |
| 9:57 | Build | House |
| 9:58 | Build | House |
| 10:00 | Build | House |
| 10:00 | Build | House |
| 10:01 | Build | House |
| 10:10 | Research | Castle Age |
| 10:10 | Research | Castle Age |
| 11:15 | Build | Blacksmith |
| 11:26 | Research | Gold Mining |
| 11:53 | Research | Scale Barding Armor |
| 12:26 | Build | Palisade Gate |
| 12:35 | Build | Palisade Wall |
| 12:44 | Create | Spearman |
| 12:50 | Age | Castle Age |
| 13:00 | Create | Villager (Male) |
| 13:01 | Create | Villager (Male) |
| 13:04 | Create | Arambai ×4 |
| 13:33 | Create | Villager (Male) |
| 13:34 | Create | Villager (Male) |
| 13:49 | Build | Farm |
| 13:55 | Research | Fletching |
| 14:03 | Research | Padded Archer Armor |
| 14:04 | Create | Villager (Male) |
| 14:04 | Create | Villager (Male) |
| 14:38 | Create | Petard |
| 14:39 | Create | Petard |
| 15:25 | Create | Arambai ×3 |
| 15:49 | Research | Bodkin Arrow |
| 15:50 | Create | Villager (Male) ×5 |
| 15:50 | Create | Villager (Male) ×3 |
| 16:03 | Build | Farm |
| 16:06 | Build | Farm |
| 16:40 | Create | Villager (Male) ×4 |
| 16:47 | Create | Villager (Male) |
| 17:05 | Build | Gate |
| 17:07 | Build | House |
| 17:09 | Build | House |
| 17:11 | Build | House |
| 17:16 | Build | Stone Wall |
| 17:54 | Build | Stone Wall |
| 18:25 | Create | Arambai ×4 |
| 18:30 | Create | Villager (Male) ×4 |
| 18:54 | Build | House |
| 18:58 | Build | House |
| 19:02 | Create | Villager (Male) ×3 |
| 19:07 | Create | Arambai |
| 19:39 | Create | Petard |
| 20:13 | Build | Stable |
| 20:14 | Create | Villager (Male) ×5 |
| 20:20 | Build | Farm |
| 20:20 | Build | Farm |
| 20:20 | Build | Farm |
| 21:39 | Create | Arambai ×3 |
| 21:39 | Create | Arambai ×3 |
| 22:33 | Create | Arambai |
| 22:42 | Research | Imperial Age |
| 22:49 | Create | Arambai |
| 22:50 | Create | Villager (Male) ×5 |
| 24:40 | Create | Arambai ×4 |
| 26:03 | Create | Arambai ×4 |
| 26:05 | Age | Imperial Age |
| 26:07 | Research | Bracer |
| 26:37 | Create | Arambai |
| 26:40 | Create | Villager (Male) ×5 |
| 26:43 | Build | Farm |
| 27:05 | Build | Lumber Camp |
| 28:09 | Create | Arambai ×2 |
| 28:24 | Create | Arambai |
| 29:08 | Create | Arambai ×4 |
| 29:21 | Research | Husbandry |
| 29:21 | Research | Bloodlines |
| 29:32 | Create | Villager (Male) ×5 |
| 30:04 | Build | Farm |
| 30:05 | Create | Villager (Male) ×5 |
| 30:18 | Create | Arambai ×4 |
| 30:22 | Create | Villager (Male) ×5 |
| 30:25 | Build | Farm |
| 30:31 | Research | Conscription |
| 30:34 | Create | Arambai ×4 |
| 31:35 | Build | Town Center |
| 31:38 | Create | Villager (Male) ×3 |
| 32:02 | Research | Manipur Cavalry |
| 32:09 | Create | Arambai ×5 |
| 32:12 | Create | Knight |
| 32:18 | Build | Farm |
| 32:18 | Build | Farm |
| 32:18 | Build | Farm |
| 32:21 | Build | Farm |
| 32:23 | Create | Villager (Male) ×5 |
| 32:28 | Build | Lumber Camp |
| 33:07 | Build | Town Center |
| 33:13 | Create | Arambai |
| 33:13 | Create | Arambai |
| 33:22 | Build | Farm |
| 33:25 | Build | Farm |
| 33:40 | Build | Stone Wall |
| 33:58 | Build | House |
| 34:02 | Build | House |
| 35:02 | Create | Villager (Male) ×5 |
| 35:02 | Research | Loom |
| 35:07 | Build | Farm |
| 35:07 | Build | Farm |
| 35:08 | Build | Farm |
| 35:08 | Build | Farm |
| 35:08 | Build | Farm |
| 35:08 | Build | Farm |
| 35:13 | Build | House |
| 35:18 | Research | Gold Shaft Mining |
Build order — Alvaro
First 150 of 317 actions detected
| 0:02 | Create | Villager (Male) |
| 0:02 | Create | Villager (Male) |
| 0:09 | Build | Mill |
| 0:12 | Create | Villager (Male) |
| 0:32 | Build | Lumber Camp |
| 1:10 | Create | Villager (Male) |
| 1:11 | Create | Villager (Male) |
| 1:11 | Create | Villager (Male) |
| 1:11 | Create | Villager (Male) |
| 2:18 | Create | Villager (Male) |
| 2:18 | Create | Villager (Male) |
| 2:34 | Create | Villager (Male) |
| 3:24 | Create | Villager (Male) |
| 3:24 | Create | Villager (Male) |
| 4:12 | Create | Villager (Male) |
| 4:12 | Create | Villager (Male) |
| 4:29 | Build | Farm |
| 4:32 | Build | Farm |
| 4:38 | Build | Farm |
| 4:41 | Create | Villager (Male) |
| 5:26 | Build | Mining Camp |
| 5:29 | Research | Feudal Age |
| 6:54 | Create | Villager (Male) |
| 7:25 | Build | Farm |
| 7:27 | Create | Villager (Male) |
| 7:39 | Age | Feudal Age |
| 8:04 | Build | Market |
| 8:30 | Create | Villager (Male) |
| 8:56 | Create | Villager (Male) |
| 9:09 | Build | Blacksmith |
| 9:26 | Create | Villager (Male) |
| 9:28 | Create | Villager (Male) |
| 9:35 | Research | Double-Bit Axe |
| 9:48 | Research | Castle Age |
| 9:56 | Research | Horse Collar |
| 9:57 | Research | Horse Collar |
| 10:02 | Build | Farm |
| 12:31 | Age | Castle Age |
| 12:36 | Build | Town Center |
| 12:38 | Create | Villager (Male) |
| 12:39 | Create | Villager (Male) |
| 12:40 | Create | Villager (Male) |
| 12:44 | Research | Bow Saw |
| 12:45 | Research | Heavy Plow |
| 12:49 | Build | Farm |
| 12:54 | Build | Town Center |
| 13:01 | Research | Loom |
| 13:02 | Create | Villager (Male) |
| 13:02 | Create | Villager (Male) |
| 13:21 | Build | Farm |
| 13:38 | Build | Lumber Camp |
| 13:41 | Create | Villager (Male) |
| 13:48 | Create | Villager (Male) |
| 14:13 | Create | Villager (Male) |
| 14:13 | Create | Villager (Male) |
| 14:18 | Create | Villager (Male) |
| 14:18 | Create | Villager (Male) |
| 14:20 | Build | Farm |
| 14:25 | Build | Farm |
| 14:35 | Build | Farm |
| 14:37 | Create | Villager (Male) |
| 14:37 | Create | Villager (Male) |
| 14:46 | Build | Farm |
| 14:55 | Create | Villager (Male) |
| 15:13 | Create | Villager (Male) |
| 15:17 | Build | Farm |
| 15:41 | Create | Villager (Male) |
| 15:42 | Create | Villager (Male) |
| 15:42 | Create | Villager (Male) |
| 15:43 | Create | Villager (Male) |
| 15:43 | Create | Villager (Male) |
| 15:43 | Create | Villager (Male) |
| 15:52 | Build | Farm |
| 15:53 | Create | Villager (Male) |
| 16:10 | Create | Villager (Male) |
| 16:11 | Create | Villager (Male) |
| 16:28 | Build | Outpost |
| 16:28 | Create | Villager (Male) |
| 16:29 | Create | Villager (Male) |
| 16:31 | Build | Farm |
| 16:33 | Create | Villager (Male) |
| 16:37 | Build | Farm |
| 16:39 | Build | Farm |
| 16:41 | Build | Farm |
| 16:43 | Build | Farm |
| 16:46 | Build | Farm |
| 16:49 | Create | Villager (Male) |
| 16:50 | Create | Villager (Male) |
| 16:54 | Build | Farm |
| 17:02 | Build | Farm |
| 17:06 | Build | Farm |
| 17:09 | Build | Farm |
| 17:11 | Build | Farm |
| 17:14 | Build | Farm |
| 17:15 | Create | Villager (Male) |
| 17:15 | Create | Villager (Male) |
| 17:15 | Create | Villager (Male) |
| 17:18 | Build | Farm |
| 17:21 | Build | Farm |
| 17:23 | Build | Farm |
| 17:25 | Create | Villager (Male) |
| 17:25 | Create | Villager (Male) |
| 17:32 | Research | Wheelbarrow |
| 17:36 | Build | House |
| 17:37 | Build | House |
| 17:53 | Build | Farm |
| 17:55 | Research | Town Watch |
| 17:57 | Create | Villager (Male) |
| 17:58 | Build | Farm |
| 18:19 | Create | Villager (Male) |
| 18:19 | Create | Villager (Male) |
| 18:20 | Create | Villager (Male) |
| 18:43 | Create | Villager (Male) |
| 18:44 | Create | Villager (Male) |
| 18:55 | Create | Villager (Male) |
| 18:55 | Create | Villager (Male) |
| 18:55 | Create | Villager (Male) |
| 18:55 | Create | Villager (Male) |
| 18:59 | Build | Mining Camp |
| 19:01 | Build | Farm |
| 19:01 | Create | Villager (Male) |
| 19:02 | Create | Villager (Male) |
| 19:13 | Build | Farm |
| 19:22 | Build | Farm |
| 19:30 | Build | Farm |
| 19:37 | Build | House |
| 19:38 | Build | House |
| 19:41 | Build | House |
| 19:43 | Build | House |
| 19:54 | Build | Farm |
| 20:10 | Create | Villager (Male) |
| 20:31 | Research | Imperial Age |
| 20:42 | Build | Lumber Camp |
| 20:49 | Build | Lumber Camp |
| 20:52 | Create | Villager (Male) |
| 20:53 | Create | Villager (Male) |
| 20:55 | Build | Farm |
| 20:57 | Build | Farm |
| 21:09 | Research | Fletching |
| 21:09 | Create | Longbowman |
| 21:10 | Create | Longbowman |
| 21:15 | Create | Longbowman |
| 21:15 | Create | Longbowman |
| 21:15 | Create | Longbowman |
| 21:19 | Create | Villager (Male) |
| 21:30 | Build | University |
| 21:35 | Build | House |
| 22:01 | Create | Villager (Male) |
| 22:05 | Create | Villager (Male) |
| 22:05 | Create | Villager (Male) |
Build order — DiegoRosi
First 150 of 273 actions detected
| 0:01 | Create | Villager (Male) |
| 0:01 | Create | Villager (Male) |
| 0:02 | Create | Villager (Male) |
| 0:04 | Build | Lumber Camp |
| 0:15 | Create | Villager (Male) |
| 0:15 | Create | Villager (Male) |
| 0:38 | Build | Mill |
| 1:33 | Create | Villager (Male) |
| 1:52 | Create | Villager (Male) |
| 2:18 | Create | Villager (Male) |
| 2:19 | Create | Villager (Male) |
| 2:43 | Create | Villager (Male) |
| 3:10 | Create | Villager (Male) |
| 3:10 | Create | Villager (Male) |
| 3:39 | Build | Farm |
| 3:42 | Build | Farm |
| 3:45 | Build | Farm |
| 3:48 | Build | Farm |
| 3:53 | Create | Villager (Male) |
| 4:16 | Build | Farm |
| 4:27 | Create | Villager (Male) |
| 4:46 | Create | Villager (Male) |
| 5:04 | Build | Mining Camp |
| 5:16 | Create | Villager (Male) |
| 5:35 | Create | Villager (Male) |
| 6:11 | Create | Villager (Male) |
| 6:19 | Build | Farm |
| 6:39 | Create | Villager (Male) |
| 6:45 | Build | Farm |
| 6:49 | Research | Feudal Age |
| 7:17 | Build | Farm |
| 9:06 | Create | Villager (Male) |
| 9:11 | Create | Villager (Male) |
| 9:16 | Age | Feudal Age |
| 9:24 | Build | Market |
| 9:26 | Build | Blacksmith |
| 9:37 | Create | Villager (Male) |
| 10:14 | Research | Castle Age |
| 10:14 | Research | Castle Age |
| 10:14 | Research | Castle Age |
| 10:16 | Research | Double-Bit Axe |
| 10:37 | Research | Horse Collar |
| 10:44 | Research | Gold Mining |
| 11:14 | Research | Wheelbarrow |
| 13:10 | Create | Villager (Male) |
| 13:11 | Age | Castle Age |
| 13:20 | Build | Town Center |
| 13:33 | Build | Town Center |
| 13:39 | Create | Villager (Male) |
| 14:01 | Build | Town Center |
| 14:20 | Create | Camel Archer |
| 14:21 | Create | Camel Archer |
| 14:37 | Create | Camel Archer |
| 14:38 | Create | Camel Archer |
| 14:41 | Create | Villager (Male) |
| 14:58 | Create | Villager (Male) |
| 15:06 | Research | Bow Saw |
| 15:08 | Create | Villager (Male) |
| 15:11 | Create | Villager (Male) |
| 15:14 | Create | Villager (Male) |
| 15:14 | Create | Villager (Male) |
| 15:21 | Create | Camel Archer |
| 15:21 | Create | Camel Archer |
| 15:21 | Create | Camel Archer |
| 15:32 | Create | Villager (Male) |
| 15:37 | Create | Villager (Male) |
| 15:37 | Create | Villager (Male) |
| 16:00 | Research | Heavy Plow |
| 16:00 | Research | Heavy Plow |
| 16:00 | Research | Heavy Plow |
| 16:02 | Create | Villager (Male) ×5 |
| 16:19 | Build | Mining Camp |
| 16:22 | Create | Villager (Male) ×5 |
| 16:38 | Create | Militia |
| 16:39 | Create | Militia |
| 16:43 | Build | House |
| 16:44 | Build | House |
| 16:45 | Build | House |
| 16:54 | Create | Villager (Male) |
| 17:03 | Create | Militia |
| 17:06 | Create | Camel Archer |
| 17:06 | Create | Camel Archer |
| 17:07 | Create | Camel Archer |
| 17:09 | Build | Farm |
| 17:17 | Build | Stone Wall |
| 17:25 | Create | Villager (Male) ×5 |
| 17:34 | Build | Farm |
| 17:35 | Create | Camel Archer |
| 17:35 | Create | Camel Archer |
| 17:35 | Create | Camel Archer |
| 17:41 | Build | Stone Wall |
| 17:50 | Build | Farm |
| 18:16 | Create | Villager (Male) ×5 |
| 18:20 | Build | House |
| 18:20 | Build | House |
| 18:25 | Build | Farm |
| 18:30 | Research | Fletching |
| 18:51 | Build | Farm |
| 18:53 | Create | Villager (Male) |
| 18:56 | Create | Villager (Male) ×3 |
| 19:08 | Create | Villager (Male) ×2 |
| 19:13 | Build | Farm |
| 19:16 | Create | Camel Archer |
| 19:17 | Create | Camel Archer |
| 19:17 | Create | Camel Archer |
| 19:29 | Build | Farm |
| 19:32 | Build | Farm |
| 19:33 | Create | Villager (Male) ×3 |
| 19:35 | Create | Camel Archer |
| 19:35 | Create | Camel Archer |
| 19:57 | Build | House |
| 19:59 | Build | House |
| 19:59 | Build | House |
| 20:02 | Build | House |
| 20:02 | Build | House |
| 20:03 | Build | House |
| 20:06 | Build | Farm |
| 20:11 | Research | Bodkin Arrow |
| 20:14 | Create | Camel Archer |
| 20:14 | Create | Camel Archer |
| 20:14 | Create | Camel Archer |
| 20:20 | Build | Stable |
| 20:24 | Create | Camel Archer |
| 20:35 | Create | Villager (Male) ×5 |
| 20:53 | Build | Farm |
| 20:58 | Build | House |
| 20:58 | Build | House |
| 21:06 | Create | Camel Archer |
| 21:06 | Create | Camel Archer |
| 21:56 | Create | Camel Archer |
| 21:56 | Create | Camel Archer |
| 21:56 | Create | Villager (Male) ×5 |
| 22:30 | Create | Camel Archer |
| 22:31 | Create | Camel Archer |
| 22:31 | Create | Villager (Male) ×5 |
| 22:34 | Build | Farm |
| 22:34 | Build | Farm |
| 22:35 | Build | Farm |
| 22:35 | Build | Farm |
| 22:35 | Build | Farm |
| 22:37 | Build | House |
| 22:37 | Build | House |
| 22:38 | Build | House |
| 22:41 | Build | Stable |
| 22:45 | Research | Bloodlines |
| 22:48 | Build | Archery Range |
| 23:06 | Build | Castle |
| 23:32 | Research | Padded Archer Armor |
| 23:34 | Create | Camel Archer |
| 23:34 | Create | Camel Archer |
Build order — Zapp Brannigan
First 150 of 356 actions detected
| 0:02 | Create | Villager (Male) |
| 0:02 | Create | Villager (Male) |
| 0:06 | Build | Lumber Camp |
| 0:11 | Build | Mill |
| 0:12 | Create | Villager (Male) |
| 0:12 | Create | Villager (Male) |
| 1:31 | Create | Villager (Male) |
| 1:59 | Create | Villager (Male) |
| 2:19 | Create | Villager (Male) |
| 2:20 | Create | Villager (Male) |
| 2:20 | Create | Villager (Male) |
| 2:20 | Create | Villager (Male) |
| 2:32 | Create | Villager (Male) |
| 3:01 | Create | Villager (Male) |
| 3:01 | Create | Villager (Male) |
| 4:20 | Build | Farm |
| 4:23 | Build | Farm |
| 4:27 | Create | Villager (Male) |
| 4:38 | Create | Villager (Male) |
| 4:44 | Build | Farm |
| 4:45 | Build | Farm |
| 4:52 | Build | Farm |
| 4:58 | Build | Farm |
| 5:02 | Create | Villager (Male) |
| 5:02 | Create | Villager (Male) |
| 5:56 | Build | Mining Camp |
| 6:03 | Research | Feudal Age |
| 8:27 | Build | Lumber Camp |
| 8:42 | Build | Farm |
| 8:45 | Build | Farm |
| 8:49 | Build | Farm |
| 9:00 | Create | Villager (Male) |
| 9:00 | Create | Villager (Male) |
| 9:17 | Age | Feudal Age |
| 9:21 | Build | Market |
| 9:27 | Build | Blacksmith |
| 9:38 | Research | Horse Collar |
| 9:45 | Research | Double-Bit Axe |
| 9:57 | Research | Castle Age |
| 10:34 | Research | Arson |
| 10:38 | Research | Scale Mail Armor |
| 10:44 | Research | Forging |
| 10:50 | Build | Farm |
| 10:53 | Build | Farm |
| 11:11 | Build | Farm |
| 11:15 | Build | Farm |
| 12:19 | Build | Farm |
| 12:22 | Build | Farm |
| 12:24 | Build | Farm |
| 12:47 | Age | Castle Age |
| 12:50 | Create | Petard |
| 12:51 | Create | Petard |
| 12:52 | Create | Shotel Warrior |
| 12:52 | Create | Shotel Warrior |
| 12:53 | Create | Shotel Warrior |
| 12:54 | Create | Shotel Warrior |
| 12:54 | Create | Shotel Warrior |
| 12:56 | Create | Shotel Warrior |
| 13:05 | Create | Villager (Male) |
| 13:05 | Create | Villager (Male) |
| 13:29 | Create | Shotel Warrior |
| 13:29 | Create | Shotel Warrior |
| 13:29 | Create | Shotel Warrior |
| 13:33 | Build | House |
| 13:34 | Build | House |
| 13:40 | Create | Villager (Male) |
| 13:43 | Create | Shotel Warrior |
| 13:48 | Research | Squires |
| 14:04 | Create | Shotel Warrior |
| 14:07 | Build | Farm |
| 14:10 | Build | Farm |
| 14:12 | Create | Villager (Male) |
| 14:36 | Research | Chain Mail Armor |
| 14:40 | Build | Farm |
| 14:45 | Create | Villager (Male) |
| 14:48 | Build | House |
| 15:43 | Create | Shotel Warrior |
| 15:43 | Create | Shotel Warrior |
| 15:44 | Create | Shotel Warrior |
| 15:44 | Create | Shotel Warrior |
| 15:55 | Create | Shotel Warrior |
| 16:07 | Create | Shotel Warrior |
| 16:07 | Create | Shotel Warrior |
| 16:08 | Create | Shotel Warrior |
| 16:17 | Create | Villager (Male) |
| 16:18 | Create | Villager (Male) |
| 16:46 | Create | Shotel Warrior |
| 16:46 | Create | Shotel Warrior |
| 16:46 | Create | Shotel Warrior |
| 16:47 | Create | Shotel Warrior |
| 16:47 | Create | Shotel Warrior |
| 17:05 | Create | Villager (Male) |
| 17:06 | Create | Villager (Male) |
| 18:06 | Build | University |
| 18:10 | Create | Villager (Male) |
| 18:10 | Create | Villager (Male) |
| 18:32 | Build | Mining Camp |
| 18:38 | Research | Stone Mining |
| 18:39 | Create | Villager (Male) |
| 18:51 | Research | Fortified Wall (upgrade) |
| 19:00 | Create | Villager (Male) |
| 19:05 | Build | Town Center |
| 19:19 | Create | Villager (Male) |
| 19:20 | Research | Bow Saw |
| 19:27 | Research | Heavy Plow |
| 19:55 | Create | Villager (Male) |
| 19:56 | Create | Villager (Male) |
| 19:56 | Create | Villager (Male) |
| 19:57 | Create | Villager (Male) |
| 20:15 | Build | Stone Wall |
| 20:28 | Build | Outpost |
| 20:32 | Create | Villager (Male) |
| 20:32 | Create | Villager (Male) |
| 20:33 | Create | Villager (Male) |
| 20:38 | Build | Farm |
| 20:38 | Build | Farm |
| 20:47 | Build | Gate |
| 20:53 | Create | Shotel Warrior |
| 20:54 | Create | Shotel Warrior |
| 21:11 | Create | Shotel Warrior |
| 21:11 | Create | Shotel Warrior |
| 21:24 | Build | Gate |
| 22:14 | Create | Shotel Warrior |
| 22:40 | Build | Town Center |
| 22:58 | Build | Gate |
| 23:10 | Create | Shotel Warrior |
| 24:05 | Build | Farm |
| 24:06 | Build | Farm |
| 24:06 | Build | Farm |
| 24:06 | Build | Farm |
| 24:06 | Build | Farm |
| 24:07 | Build | Farm |
| 24:07 | Build | Farm |
| 24:14 | Research | Loom |
| 24:38 | Build | Farm |
| 24:39 | Build | Farm |
| 25:00 | Build | Farm |
| 25:01 | Build | Farm |
| 25:06 | Build | Farm |
| 25:13 | Build | Stone Wall |
| 25:16 | Build | House |
| 25:19 | Build | Stone Wall |
| 25:35 | Build | Stone Wall |
| 25:37 | Build | Stone Wall |
| 25:47 | Build | Farm |
| 25:50 | Create | Villager (Male) |
| 25:54 | Build | Gate |
| 26:06 | Build | Gate |
| 26:13 | Build | Stone Wall |
| 26:17 | Create | Villager (Male) |
Build order — Kyle87x
First 150 of 374 actions detected
| 0:01 | Create | Villager (Male) |
| 0:02 | Create | Villager (Male) |
| 0:02 | Create | Villager (Male) |
| 0:05 | Build | Mill |
| 0:12 | Create | Villager (Male) |
| 0:12 | Create | Villager (Male) |
| 0:22 | Build | Lumber Camp |
| 1:09 | Create | Villager (Male) |
| 1:09 | Create | Villager (Male) |
| 1:50 | Create | Villager (Male) |
| 1:50 | Create | Villager (Male) |
| 1:50 | Create | Villager (Male) |
| 2:31 | Create | Villager (Male) |
| 2:54 | Create | Villager (Male) |
| 2:54 | Create | Villager (Male) |
| 3:20 | Create | Villager (Male) |
| 3:30 | Create | Villager (Male) |
| 3:56 | Create | Villager (Male) |
| 4:14 | Create | Villager (Male) |
| 4:32 | Create | Villager (Male) |
| 4:37 | Build | Farm |
| 4:40 | Build | Lumber Camp |
| 4:43 | Build | Mining Camp |
| 4:45 | Create | Villager (Male) |
| 5:02 | Research | Feudal Age |
| 5:32 | Build | Farm |
| 5:34 | Build | Farm |
| 5:41 | Build | Farm |
| 7:15 | Create | Villager (Male) |
| 7:36 | Age | Feudal Age |
| 7:37 | Research | Double-Bit Axe |
| 7:40 | Research | Horse Collar |
| 7:42 | Create | Villager (Male) |
| 7:49 | Build | Market |
| 7:57 | Build | Blacksmith |
| 8:02 | Create | Villager (Male) |
| 8:07 | Build | Farm |
| 8:17 | Create | Villager (Male) |
| 8:21 | Build | Farm |
| 8:31 | Create | Villager (Male) |
| 8:48 | Build | Farm |
| 9:25 | Create | Villager (Male) |
| 10:09 | Research | Castle Age |
| 10:55 | Research | Scale Mail Armor |
| 10:55 | Research | Forging |
| 11:08 | Research | Gold Mining |
| 11:17 | Build | Farm |
| 11:19 | Build | Farm |
| 11:24 | Build | Farm |
| 11:27 | Research | Loom |
| 11:46 | Research | Wheelbarrow |
| 11:47 | Research | Loom |
| 12:42 | Create | Villager (Male) |
| 12:49 | Age | Castle Age |
| 12:50 | Create | Samurai ×5 |
| 12:58 | Research | Bow Saw |
| 13:15 | Create | Samurai ×2 |
| 13:32 | Build | Siege Workshop |
| 13:35 | Create | Villager (Male) |
| 13:37 | Create | Samurai |
| 13:37 | Create | Samurai |
| 13:47 | Build | Farm |
| 13:52 | Create | Villager (Male) |
| 13:54 | Build | Farm |
| 14:03 | Build | Farm |
| 14:09 | Create | Samurai |
| 14:09 | Create | Samurai |
| 14:15 | Create | Samurai |
| 14:15 | Create | Samurai |
| 14:27 | Create | Samurai |
| 14:27 | Create | Samurai |
| 14:37 | Create | Samurai |
| 14:37 | Create | Samurai |
| 14:44 | Build | House |
| 14:47 | Build | House |
| 14:54 | Build | House |
| 14:55 | Build | House |
| 14:59 | Create | Samurai ×3 |
| 15:28 | Create | Samurai ×3 |
| 15:31 | Create | Samurai |
| 15:45 | Create | Samurai |
| 16:00 | Create | Villager (Male) |
| 16:00 | Create | Villager (Male) |
| 16:00 | Create | Villager (Male) |
| 16:15 | Create | Battering Ram |
| 16:15 | Create | Battering Ram |
| 16:19 | Build | House |
| 16:20 | Create | Samurai ×2 |
| 16:20 | Create | Samurai ×2 |
| 16:53 | Build | House |
| 16:54 | Create | Samurai ×4 |
| 16:54 | Create | Samurai ×4 |
| 17:03 | Create | Samurai ×2 |
| 17:37 | Create | Samurai ×4 |
| 17:37 | Create | Samurai ×4 |
| 17:47 | Create | Battering Ram |
| 17:47 | Create | Battering Ram |
| 17:49 | Create | Villager (Male) |
| 17:49 | Create | Villager (Male) |
| 17:49 | Create | Villager (Male) |
| 17:49 | Create | Villager (Male) |
| 17:49 | Create | Villager (Male) |
| 17:54 | Build | House |
| 17:55 | Build | House |
| 18:13 | Create | Villager (Male) |
| 18:17 | Create | Battering Ram |
| 18:17 | Create | Battering Ram |
| 18:25 | Create | Samurai ×2 |
| 18:25 | Create | Samurai ×2 |
| 18:44 | Create | Villager (Male) |
| 18:44 | Create | Villager (Male) |
| 18:44 | Create | Villager (Male) |
| 18:44 | Create | Villager (Male) |
| 18:49 | Create | Samurai ×3 |
| 19:11 | Create | Battering Ram |
| 19:12 | Create | Battering Ram |
| 19:18 | Build | House |
| 19:18 | Build | House |
| 19:18 | Build | House |
| 19:19 | Build | House |
| 19:19 | Build | House |
| 19:19 | Build | House |
| 19:20 | Build | House |
| 19:20 | Build | House |
| 19:30 | Build | House |
| 19:43 | Create | Samurai ×2 |
| 19:43 | Create | Samurai |
| 19:44 | Create | Samurai |
| 20:08 | Create | Samurai ×2 |
| 20:09 | Create | Samurai ×2 |
| 20:11 | Build | House |
| 20:39 | Create | Samurai ×3 |
| 20:40 | Create | Samurai ×3 |
| 20:41 | Create | Villager (Male) |
| 20:41 | Create | Villager (Male) |
| 20:42 | Create | Villager (Male) |
| 20:42 | Create | Villager (Male) |
| 20:42 | Create | Villager (Male) |
| 20:42 | Create | Villager (Male) |
| 20:42 | Create | Villager (Male) |
| 20:43 | Create | Villager (Male) |
| 21:16 | Create | Villager (Male) ×4 |
| 22:13 | Create | Villager (Male) |
| 22:13 | Create | Villager (Male) |
| 22:13 | Create | Villager (Male) |
| 22:14 | Create | Villager (Male) |
| 22:35 | Create | Villager (Male) |
| 22:36 | Create | Villager (Male) |
| 22:36 | Create | Villager (Male) |
| 22:40 | Build | Town Center |
Build order — yuXs
First 150 of 367 actions detected
| 0:03 | Create | Villager (Male) ×4 |
| 0:03 | Create | Villager (Male) ×4 |
| 1:07 | Build | Mill |
| 2:11 | Create | Villager (Male) |
| 2:11 | Create | Villager (Male) |
| 2:11 | Create | Villager (Male) |
| 2:11 | Create | Villager (Male) |
| 2:19 | Create | Villager (Male) |
| 2:57 | Create | Villager (Male) |
| 3:51 | Create | Villager (Male) |
| 4:17 | Create | Villager (Male) |
| 4:38 | Build | Farm |
| 4:41 | Build | Farm |
| 4:43 | Build | Farm |
| 4:48 | Build | Mule Cart |
| 5:00 | Create | Villager (Male) |
| 5:15 | Create | Villager (Male) |
| 5:52 | Research | Feudal Age |
| 6:00 | Build | Mule Cart |
| 6:21 | Create | Villager (Male) |
| 6:21 | Create | Villager (Male) |
| 6:21 | Research | Loom |
| 8:06 | Age | Feudal Age |
| 8:08 | Build | Blacksmith |
| 8:18 | Build | Market |
| 9:23 | Research | Castle Age |
| 9:58 | Research | Horse Collar |
| 9:58 | Research | Horse Collar |
| 10:03 | Research | Double-Bit Axe |
| 10:43 | Create | Villager (Male) |
| 12:02 | Age | Castle Age |
| 12:10 | Build | Town Center |
| 12:13 | Create | Villager (Male) |
| 12:36 | Build | Town Center |
| 12:55 | Create | Villager (Male) |
| 12:55 | Create | Villager (Male) |
| 13:25 | Create | Villager (Male) |
| 13:28 | Build | House |
| 13:52 | Create | Villager (Male) |
| 13:58 | Create | Villager (Male) |
| 13:58 | Create | Villager (Male) |
| 14:14 | Research | Bow Saw |
| 14:17 | Create | Villager (Male) |
| 14:26 | Create | Villager (Male) |
| 14:32 | Create | Villager (Male) |
| 14:39 | Create | Villager (Male) |
| 14:52 | Create | Villager (Male) |
| 14:53 | Create | Villager (Male) |
| 14:56 | Research | Heavy Plow |
| 15:04 | Create | Villager (Male) |
| 15:07 | Build | Farm |
| 15:19 | Create | Villager (Male) |
| 15:21 | Build | Farm |
| 15:23 | Create | Villager (Male) |
| 15:31 | Build | Farm |
| 15:41 | Build | Farm |
| 15:46 | Build | Farm |
| 15:48 | Build | Farm |
| 15:50 | Create | Villager (Male) |
| 15:50 | Create | Villager (Male) |
| 15:52 | Build | Farm |
| 15:58 | Create | Villager (Male) |
| 15:58 | Create | Villager (Male) |
| 16:01 | Build | Farm |
| 16:08 | Build | Farm |
| 16:09 | Build | Farm |
| 16:10 | Build | Farm |
| 16:18 | Build | House |
| 16:19 | Build | House |
| 16:20 | Build | House |
| 16:22 | Create | Villager (Male) |
| 16:23 | Create | Villager (Male) |
| 16:31 | Build | Farm |
| 16:32 | Create | Villager (Male) |
| 16:32 | Create | Villager (Male) |
| 16:39 | Create | Villager (Male) |
| 16:39 | Create | Villager (Male) |
| 16:51 | Build | Farm |
| 16:53 | Create | Villager (Male) |
| 16:53 | Create | Villager (Male) |
| 16:53 | Create | Villager (Male) |
| 17:03 | Build | Mule Cart |
| 17:09 | Create | Villager (Male) |
| 17:10 | Create | Villager (Male) |
| 17:19 | Create | Villager (Male) |
| 17:19 | Create | Villager (Male) |
| 17:21 | Build | Farm |
| 17:24 | Build | Farm |
| 17:26 | Create | Villager (Male) |
| 17:26 | Create | Villager (Male) |
| 17:32 | Create | Villager (Male) |
| 17:33 | Create | Villager (Male) |
| 17:45 | Build | Siege Workshop |
| 17:47 | Create | Villager (Male) |
| 17:47 | Create | Villager (Male) |
| 17:50 | Create | Villager (Male) |
| 17:50 | Create | Villager (Male) |
| 17:55 | Create | Villager (Male) |
| 17:55 | Create | Villager (Male) |
| 18:01 | Build | Town Center |
| 18:03 | Create | Villager (Male) |
| 18:04 | Create | Villager (Male) |
| 18:04 | Create | Villager (Male) |
| 18:11 | Build | Mill |
| 18:12 | Build | Farm |
| 18:12 | Build | Farm |
| 18:12 | Build | Farm |
| 18:12 | Build | Farm |
| 18:15 | Create | Villager (Male) |
| 18:15 | Create | Villager (Male) |
| 18:15 | Create | Villager (Male) |
| 18:26 | Create | Villager (Male) |
| 18:26 | Create | Villager (Male) |
| 18:29 | Build | Farm |
| 18:32 | Build | Farm |
| 18:34 | Create | Villager (Male) |
| 18:35 | Create | Villager (Male) |
| 18:41 | Build | House |
| 18:44 | Create | Villager (Male) |
| 18:44 | Create | Villager (Male) |
| 18:54 | Create | Villager (Male) |
| 18:54 | Create | Villager (Male) |
| 19:02 | Create | Villager (Male) |
| 19:02 | Create | Villager (Male) |
| 19:09 | Build | University |
| 19:13 | Create | Villager (Male) |
| 19:13 | Create | Villager (Male) |
| 19:19 | Build | House |
| 19:20 | Build | House |
| 19:21 | Build | House |
| 19:24 | Create | Villager (Male) |
| 19:24 | Create | Villager (Male) |
| 19:24 | Create | Villager (Male) |
| 19:37 | Build | Mill |
| 19:38 | Build | Farm |
| 19:38 | Build | Farm |
| 19:39 | Build | Farm |
| 19:39 | Build | Farm |
| 19:46 | Build | Farm |
| 19:49 | Create | Villager (Male) |
| 19:51 | Create | Villager (Male) |
| 19:51 | Create | Villager (Male) |
| 19:52 | Create | Villager (Male) |
| 19:57 | Build | Farm |
| 19:57 | Build | Farm |
| 19:58 | Build | Farm |
| 19:58 | Build | Farm |
| 20:01 | Create | Villager (Male) |
| 20:04 | Build | Farm |
| 20:12 | Research | Stone Mining |
Build order — Avataroffaith
First 150 of 490 actions detected
| 0:03 | Create | Villager (Male) |
| 0:03 | Create | Villager (Male) |
| 0:03 | Create | Villager (Male) |
| 0:03 | Create | Villager (Male) |
| 0:04 | Create | Villager (Male) |
| 0:04 | Create | Villager (Male) |
| 0:22 | Build | Lumber Camp |
| 0:34 | Build | Mill |
| 1:47 | Create | Villager (Male) |
| 1:47 | Create | Villager (Male) |
| 1:48 | Create | Villager (Male) |
| 1:58 | Create | Villager (Male) |
| 2:24 | Create | Villager (Male) |
| 2:46 | Create | Villager (Male) |
| 2:47 | Create | Villager (Male) |
| 2:47 | Create | Villager (Male) |
| 3:07 | Create | Villager (Male) |
| 3:07 | Create | Villager (Male) |
| 3:07 | Create | Villager (Male) |
| 3:26 | Create | Villager (Male) |
| 3:26 | Create | Villager (Male) |
| 3:26 | Create | Villager (Male) |
| 4:12 | Build | Lumber Camp |
| 4:16 | Create | Villager (Male) |
| 4:16 | Create | Villager (Male) |
| 4:55 | Build | Farm |
| 5:11 | Build | Mining Camp |
| 5:32 | Research | Feudal Age |
| 5:35 | Build | Farm |
| 5:40 | Build | Farm |
| 5:46 | Build | Farm |
| 7:25 | Create | Villager (Male) |
| 7:25 | Create | Villager (Male) |
| 7:42 | Age | Feudal Age |
| 7:55 | Build | Market |
| 8:00 | Build | Blacksmith |
| 8:05 | Research | Double-Bit Axe |
| 9:04 | Research | Castle Age |
| 9:31 | Research | Horse Collar |
| 11:44 | Age | Castle Age |
| 11:46 | Build | Town Center |
| 11:50 | Build | Town Center |
| 11:57 | Research | Loom |
| 11:59 | Research | Bow Saw |
| 12:01 | Research | Heavy Plow |
| 12:07 | Build | Farm |
| 12:10 | Build | Farm |
| 12:12 | Build | Farm |
| 12:15 | Build | Farm |
| 12:29 | Build | Gate |
| 12:35 | Build | Stone Wall |
| 12:39 | Build | Gate |
| 12:42 | Build | Stone Wall |
| 12:47 | Create | Villager (Male) |
| 12:59 | Build | Farm |
| 13:00 | Build | Farm |
| 13:05 | Create | Villager (Male) |
| 13:13 | Create | Villager (Male) |
| 13:23 | Build | Farm |
| 13:24 | Create | Villager (Male) |
| 13:29 | Create | Villager (Male) |
| 13:38 | Build | Farm |
| 13:51 | Create | Villager (Male) |
| 13:51 | Create | Villager (Male) |
| 14:01 | Create | Villager (Male) |
| 14:07 | Create | Villager (Male) |
| 14:11 | Build | Farm |
| 14:13 | Build | Farm |
| 14:21 | Create | Villager (Male) |
| 14:26 | Build | Farm |
| 14:31 | Build | Farm |
| 14:31 | Create | Villager (Male) |
| 14:37 | Build | Farm |
| 14:38 | Create | Villager (Male) |
| 14:40 | Build | House |
| 14:41 | Create | Villager (Male) |
| 14:52 | Create | Villager (Male) |
| 14:56 | Build | Farm |
| 14:58 | Create | Villager (Male) |
| 15:06 | Create | Villager (Male) |
| 15:10 | Create | Villager (Male) |
| 15:13 | Build | Farm |
| 15:30 | Create | Villager (Male) |
| 15:42 | Create | Villager (Male) |
| 15:44 | Create | Villager (Male) |
| 15:45 | Create | Villager (Male) |
| 15:45 | Create | Villager (Male) |
| 15:45 | Create | Villager (Male) |
| 16:00 | Create | Villager (Male) |
| 16:12 | Create | Villager (Male) |
| 16:20 | Build | Town Center |
| 16:27 | Create | Villager (Male) |
| 16:40 | Research | Wheelbarrow |
| 16:40 | Create | Villager (Male) |
| 16:40 | Create | Villager (Male) |
| 16:43 | Build | Farm |
| 16:49 | Build | Farm |
| 16:49 | Build | Farm |
| 16:52 | Build | Farm |
| 16:54 | Create | Villager (Male) |
| 17:00 | Build | Farm |
| 17:00 | Build | Farm |
| 17:04 | Create | Villager (Male) |
| 17:08 | Create | Villager (Male) |
| 17:10 | Build | Farm |
| 17:14 | Create | Villager (Male) |
| 17:17 | Build | House |
| 17:19 | Build | House |
| 17:21 | Create | Villager (Male) |
| 17:27 | Create | Villager (Male) |
| 17:41 | Create | Villager (Male) |
| 17:49 | Build | House |
| 17:50 | Build | House |
| 17:52 | Create | Villager (Male) |
| 18:02 | Create | Villager (Male) |
| 18:05 | Build | Farm |
| 18:06 | Build | Farm |
| 18:08 | Build | Farm |
| 18:10 | Build | Farm |
| 18:14 | Create | Villager (Male) |
| 18:14 | Create | Villager (Male) |
| 18:15 | Create | Villager (Male) |
| 18:20 | Research | Gold Mining |
| 18:21 | Create | Villager (Male) |
| 18:28 | Build | Farm |
| 18:29 | Build | Farm |
| 18:32 | Build | Farm |
| 18:33 | Create | Villager (Male) |
| 18:37 | Build | University |
| 18:38 | Create | Villager (Male) |
| 18:40 | Create | Villager (Male) |
| 18:53 | Build | Stone Wall |
| 18:54 | Build | Gate |
| 18:56 | Create | Villager (Male) |
| 19:01 | Build | House |
| 19:01 | Build | House |
| 19:02 | Create | Villager (Male) |
| 19:03 | Create | Villager (Male) |
| 19:06 | Create | Villager (Male) |
| 19:16 | Build | Monastery |
| 19:17 | Create | Villager (Male) |
| 19:17 | Create | Villager (Male) |
| 19:22 | Build | Farm |
| 19:24 | Build | Farm |
| 19:25 | Build | Farm |
| 19:25 | Create | Villager (Male) |
| 19:26 | Create | Villager (Male) |
| 19:29 | Research | Stone Mining |
| 19:37 | Create | Villager (Male) |
| 19:46 | Build | Farm |
Build order — ooouj
First 150 of 322 actions detected
| 0:02 | Create | Villager (Male) |
| 0:02 | Create | Villager (Male) |
| 0:02 | Create | Villager (Male) |
| 0:02 | Create | Villager (Male) |
| 0:02 | Create | Villager (Male) |
| 0:06 | Build | Lumber Camp |
| 0:57 | Build | Mill |
| 1:10 | Create | Villager (Male) |
| 1:27 | Create | Villager (Male) |
| 1:27 | Create | Villager (Male) |
| 1:49 | Create | Villager (Male) |
| 1:49 | Create | Villager (Male) |
| 2:06 | Create | Villager (Male) |
| 2:06 | Create | Villager (Male) |
| 2:34 | Create | Villager (Male) |
| 2:35 | Create | Villager (Male) |
| 2:59 | Create | Villager (Male) |
| 3:00 | Create | Villager (Male) |
| 3:00 | Create | Villager (Male) |
| 3:00 | Create | Villager (Male) |
| 3:00 | Create | Villager (Male) |
| 3:39 | Build | Farm |
| 3:50 | Build | Lumber Camp |
| 3:55 | Build | Farm |
| 4:32 | Build | Mining Camp |
| 5:11 | Create | Villager (Male) |
| 5:28 | Research | Feudal Age |
| 6:13 | Build | Lumber Camp |
| 6:31 | Create | Villager (Male) |
| 6:31 | Create | Villager (Male) |
| 6:54 | Age | Feudal Age |
| 7:09 | Research | Double-Bit Axe |
| 7:23 | Build | Farm |
| 7:45 | Create | Villager (Male) |
| 7:50 | Build | Farm |
| 8:11 | Create | Villager (Male) |
| 8:15 | Build | Market |
| 8:23 | Create | Villager (Male) |
| 8:37 | Create | Villager (Male) |
| 8:44 | Build | Blacksmith |
| 9:15 | Research | Loom |
| 9:53 | Create | Villager (Male) |
| 10:17 | Research | Castle Age |
| 10:21 | Build | Farm |
| 10:23 | Build | Farm |
| 11:54 | Age | Castle Age |
| 12:01 | Build | Stone Wall |
| 12:03 | Create | Villager (Male) |
| 12:03 | Create | Villager (Male) |
| 12:05 | Build | Farm |
| 12:06 | Build | Farm |
| 12:19 | Build | Town Center |
| 12:22 | Research | Bow Saw |
| 12:33 | Build | Town Center |
| 12:37 | Build | Farm |
| 12:50 | Create | Villager (Male) |
| 12:55 | Build | Farm |
| 12:57 | Research | Horse Collar |
| 12:57 | Research | Horse Collar |
| 13:15 | Create | Villager (Male) |
| 13:25 | Build | Farm |
| 13:29 | Create | Villager (Male) |
| 13:46 | Create | Villager (Male) |
| 13:47 | Create | Villager (Male) |
| 13:52 | Build | Farm |
| 14:11 | Create | Villager (Male) |
| 14:13 | Build | Farm |
| 14:16 | Create | Villager (Male) |
| 14:19 | Create | Villager (Male) |
| 14:19 | Create | Villager (Male) |
| 14:55 | Build | Town Center |
| 15:02 | Create | Villager (Male) |
| 15:02 | Create | Villager (Male) |
| 15:04 | Create | Villager (Male) |
| 15:04 | Create | Villager (Male) |
| 15:08 | Build | Farm |
| 15:15 | Create | Villager (Male) |
| 15:16 | Create | Villager (Male) |
| 15:16 | Create | Villager (Male) |
| 15:16 | Create | Villager (Male) |
| 15:24 | Build | House |
| 15:25 | Build | House |
| 15:26 | Build | House |
| 15:28 | Build | House |
| 15:30 | Build | House |
| 15:31 | Build | House |
| 15:31 | Build | House |
| 15:32 | Build | House |
| 15:38 | Create | Villager (Male) |
| 15:38 | Create | Villager (Male) |
| 15:39 | Create | Villager (Male) |
| 15:39 | Create | Villager (Male) |
| 15:55 | Build | Farm |
| 16:19 | Build | Farm |
| 16:25 | Create | Villager (Male) |
| 16:25 | Create | Villager (Male) |
| 16:25 | Create | Villager (Male) |
| 16:25 | Create | Villager (Male) |
| 16:26 | Create | Villager (Male) |
| 16:34 | Build | Farm |
| 16:39 | Build | Farm |
| 16:43 | Create | Villager (Male) |
| 16:43 | Create | Villager (Male) |
| 16:44 | Create | Villager (Male) |
| 16:46 | Create | Villager (Male) |
| 16:53 | Build | Farm |
| 17:19 | Build | University |
| 17:23 | Create | Villager (Male) |
| 17:23 | Create | Villager (Male) |
| 17:23 | Create | Villager (Male) |
| 17:23 | Create | Villager (Male) |
| 17:30 | Create | Villager (Male) |
| 17:30 | Create | Villager (Male) |
| 17:31 | Create | Villager (Male) |
| 17:31 | Create | Villager (Male) |
| 17:33 | Build | Farm |
| 17:34 | Build | Farm |
| 17:42 | Create | Villager (Male) |
| 17:42 | Create | Villager (Male) |
| 17:43 | Create | Villager (Male) |
| 17:43 | Create | Villager (Male) |
| 17:43 | Create | Villager (Male) |
| 17:52 | Build | Farm |
| 18:03 | Create | Villager (Male) |
| 18:03 | Create | Villager (Male) |
| 18:04 | Create | Villager (Male) |
| 18:13 | Create | Villager (Male) |
| 18:13 | Create | Villager (Male) |
| 18:17 | Build | Farm |
| 18:20 | Build | Farm |
| 18:21 | Create | Villager (Male) |
| 18:21 | Create | Villager (Male) |
| 18:42 | Build | Lumber Camp |
| 18:48 | Create | Villager (Male) |
| 18:48 | Create | Villager (Male) |
| 18:48 | Create | Villager (Male) |
| 18:49 | Create | Villager (Male) |
| 18:53 | Build | Farm |
| 18:57 | Build | Farm |
| 19:00 | Build | Farm |
| 19:04 | Build | Farm |
| 19:07 | Create | Villager (Male) |
| 19:08 | Create | Villager (Male) |
| 19:08 | Create | Villager (Male) |
| 19:08 | Create | Villager (Male) |
| 19:11 | Create | Villager (Male) |
| 19:17 | Create | Villager (Male) |
| 19:21 | Create | Villager (Male) |
| 19:22 | Create | Villager (Male) |
| 19:22 | Create | Villager (Male) |
Match timeline
| 6:54 | ooouj · age_up feudal |
| 7:35 | Dadagama · age_up feudal |
| 7:36 | Kyle87x · age_up feudal |
| 7:39 | Alvaro · age_up feudal |
| 7:42 | Avataroffaith · age_up feudal |
| 8:06 | yuXs · age_up feudal |
| 8:58 | Avataroffaith · first_market_sell 100 stone |
| 9:04 | Kyle87x · first_market_buy 100 food |
| 9:16 | DiegoRosi · age_up feudal |
| 9:17 | Zapp Brannigan · age_up feudal |
| 11:44 | Avataroffaith · age_up castle |
| 11:50 | Zapp Brannigan · first_market_sell 100 stone |
| 11:54 | ooouj · age_up castle |
| 12:01 | ooouj · wall_segment Stone Wall x11 |
| 12:02 | yuXs · age_up castle |
| 12:31 | ooouj · first_market_buy 100 stone |
| 12:31 | Alvaro · age_up castle |
| 12:35 | Avataroffaith · wall_segment Stone Wall x7 |
| 12:35 | Dadagama · wall_segment Palisade Wall x1 |
| 12:42 | Avataroffaith · wall_segment Stone Wall x10 |
| 12:47 | Zapp Brannigan · age_up castle |
| 12:49 | Kyle87x · age_up castle |
| 12:50 | Dadagama · age_up castle |
| 13:11 | DiegoRosi · age_up castle |
| 13:32 | Kyle87x · first_building Siege Workshop |
| 13:45 | DiegoRosi · first_market_buy 100 wood |
| 14:33 | DiegoRosi · first_market_sell 100 food |
| 14:49 | ooouj · first_market_sell 100 food |
| 17:16 | Dadagama · wall_segment Stone Wall x1 |
| 17:17 | DiegoRosi · wall_segment Stone Wall x14 |
| 17:41 | DiegoRosi · wall_segment Stone Wall x9 |
| 17:45 | yuXs · first_building Siege Workshop |
| 17:54 | Dadagama · wall_segment Stone Wall x1 |
| 17:54 | yuXs · first_market_buy 100 stone |
| 18:47 | Zapp Brannigan · first_market_buy 100 stone |
| 18:53 | Avataroffaith · wall_segment Stone Wall x14 |
| 19:16 | Avataroffaith · first_building Monastery |
| 20:01 | Avataroffaith · wall_segment Stone Wall x4 |
| 20:01 | Avataroffaith · wall_segment Stone Wall x1 |
| 20:02 | Avataroffaith · wall_segment Stone Wall x1 |
| 20:04 | ooouj · first_building Archery Range |
| 20:13 | Dadagama · first_building Stable |
| 20:14 | Alvaro · first_market_sell 100 wood |
| 20:15 | Zapp Brannigan · wall_segment Stone Wall x7 |
| 20:20 | DiegoRosi · first_building Stable |
| 22:15 | ooouj · first_building Castle |
| 22:22 | Avataroffaith · first_market_buy 100 food |
| 22:33 | yuXs · first_building Stable |
| 22:47 | Avataroffaith · first_building Castle |
| 22:48 | DiegoRosi · first_building Archery Range |
| 22:56 | yuXs · first_building Castle |
| 23:06 | DiegoRosi · first_building Castle |
| 23:14 | Kyle87x · first_market_sell 100 wood |
| 23:23 | Alvaro · first_building Archery Range |
| 23:37 | Avataroffaith · wall_segment Stone Wall x6 |
| 23:39 | Avataroffaith · wall_segment Stone Wall x10 |
| 23:41 | Alvaro · age_up imperial |
| 24:08 | ooouj · first_building Stable |
| 24:43 | Avataroffaith · first_building Barracks |
| 25:13 | Zapp Brannigan · wall_segment Stone Wall x1 |
| 25:19 | Zapp Brannigan · wall_segment Stone Wall x3 |
| 25:35 | Zapp Brannigan · wall_segment Stone Wall x1 |
| 25:37 | Zapp Brannigan · wall_segment Stone Wall x1 |
| 25:39 | ooouj · age_up imperial |
| 25:40 | yuXs · first_market_sell 100 wood |
| 25:40 | Avataroffaith · age_up imperial |
| 26:05 | Dadagama · age_up imperial |
| 26:13 | Zapp Brannigan · wall_segment Stone Wall x1 |
| 26:56 | Zapp Brannigan · wall_segment Stone Wall x5 |
| 27:07 | Zapp Brannigan · first_building Monastery |
| 27:44 | Avataroffaith · wall_segment Stone Wall x3 |
| 29:08 | DiegoRosi · age_up imperial |
| 29:45 | yuXs · age_up imperial |
| 30:12 | Kyle87x · first_building Castle |
| 31:35 | Kyle87x · first_building Archery Range |
| 32:03 | Avataroffaith · first_building Siege Workshop |
| 32:06 | Alvaro · first_building Castle |
| 33:40 | Dadagama · wall_segment Stone Wall x10 |
| 33:44 | ooouj · resign |
| 34:11 | Avataroffaith · wall_segment Stone Wall x8 |
| 36:03 | Kyle87x · age_up imperial |
| 37:23 | Dadagama · first_building Castle |
| 39:42 | Kyle87x · wall_segment Stone Wall x1 |
| 39:43 | Alvaro · wall_segment Stone Wall x9 |
| 40:59 | Dadagama · first_market_buy 100 food |
[ AI ANALYSIS · 1 CREDIT ]
What really happened in this match?
Wolo.gg analyzes every decision: build order, eco, micro, common mistakes by bracket. Personalized analysis on WhatsApp or Discord in 30 seconds.
Civ guide
Burmese
Perfil
Jugador #11526726